 Dungeon Crawl Stone Soup version 0.31-a0-167-g1c394c0614 (webtiles) character file.

Game seed: 1306942274070323434

29164 qw the Marksgargoyle (level 13, -1/86 HPs)
             Began as a Gargoyle Hunter on June 14, 2023.
             Was an Elder of Okawaru.
             Slain by Rupert
             ... wielding a +0 great mace of venom
              (15 damage)
             ... on level 3 of the Lair of Beasts.
             The game lasted 00:05:19 (12198 turns).

qw the Marksgargoyle (Gargoyle Hunter)             Turns: 12198, Time: 00:05:19

Health: -1/86      AC: 28    Str: 22    XL:     13   Next: 43%
Magic:  20/20      EV: 21    Int: 10    God:    Okawaru [****..]
Gold:   720        SH:  0    Dex: 17    Spells: 12/12 levels left

rFire   + . .        y - +1 arbalest
rCold   . . .        (shield currently unavailable)
rNeg    + . .        a - +4 ring mail {rF+}
rPois   inf          h - +0 helmet
rElec   +            f - +0 cloak
rCorr   .            d - +1 pair of gloves
SInv    .            u - +2 pair of slick slippers {slick, slippery, EV+4}
Will    .....        w - amulet of faith
Stlth   +++          n - +6 ring of strength
HPRegen 0.34/turn    (no ring)
MPRegen 0.17/turn

%: faith
@: about to teleport, heroic, slowed, very slow
A: sickness immunity, AC +9, negative energy resistance 1, electricity
resistance, torment resistance 1, petrification resistance
a: Renounce Religion, Heroism, Finesse


You were on level 3 of the Lair of Beasts.
You worshipped Okawaru.
Okawaru was greatly pleased with you.
You visited 3 branches of the dungeon, and saw 13 of its levels.

You collected 720 gold pieces.


Innate Abilities, Weirdness & Mutations

You are immune to sickness and miasma.
Your stone body is resilient. (AC +9)
You are immune to poison.
You resist negative energy. (rN+)
You are resistant to electric shocks. (rElec)
You are resistant to unholy torment.
You are immune to petrification.


   Skills:
 - Level 12.0(17.0) Fighting
 + Level 15.8(20.8) Ranged Weapons
 - Level 6.8(11.8) Armour
 - Level 5.1(10.1) Dodging
 - Level 1.1(6.1) Stealth
 - Level 10.0 Invocations


You had 12 spell levels left.
You didn't know any spells.
Your spell library was empty.

Inventory:

Hand Weapons
 y - a +1 arbalest (weapon)
Armour
 a - a +4 ring mail of fire resistance (worn)
 d - a +1 pair of gloves (worn)
 f - a +0 cloak (worn)
 h - a +0 helmet (worn)
 u - the +2 pair of slick slippers (worn) {slick, slippery, EV+4}
   (You found it on level 8 of the Dungeon)

   Slick:     Its wearer cannot be constricted, engulfed, netted or webbed.
   Slippery:  Its wearer slips away from damaging melee attacks, pulling the
   attacker onward.
   EV:        It affects your evasion (+4).
Jewellery
 k - an amulet of the acrobat
 n - a +6 ring of strength (left hand)
 r - a ring of fire
 t - an amulet of guardian spirit
 w - an amulet of faith (around neck)
Wands
 e - a wand of digging (6)
Scrolls
 g - a scroll of identify
 j - a scroll of teleportation
Potions
 c - a potion of resistance
 l - 2 potions of lignification
 m - a potion of curing
 o - 3 potions of heal wounds
 p - 3 potions of haste
 q - a potion of attraction
 s - a potion of mutation
 v - a potion of might {unknown}

Dungeon Overview and Level Annotations

Branches:
Dungeon (9/15)             Temple (1/1) D:6            Lair (3/5) D:9
  Swamp (0/4) Lair:2        Snake (0/4) Lair:3
    Orc: D:9-12

Altars:
Ashenzari
Cheibriados
Dithmenos
Elyvilon
Gozag
Hepliaklqana
Kikubaaqudgha
Makhleb
Nemelex Xobeh
Okawaru
Sif Muna
Trog
Uskayaw
Vehumet
Wu Jian
Xom
Yredelemnul
Zin
The Shining One

Shops:
D:4 =   D:7 :

Annotations:
Lair:3 Rupert


Message History

Rupert is lightly wounded.
Rupert hits you but does no damage. The lindwurm breathes flames at you.
The blast of flame misses you. Rupert completely misses you. Rupert misses you.
You shoot a bolt. The bolt hits Rupert!
Rupert is lightly wounded.
Rupert hits you with a +0 great mace of venom!
You slip backwards!
Rupert closely misses you.
You shoot a bolt. The bolt hits Rupert!
Rupert is moderately wounded.
Rupert misses you. The lindwurm completely misses you.
The lindwurm claws you but does no damage.
The lindwurm closely misses you. Rupert completely misses you.
The lindwurm barely misses you. The lindwurm closely misses you.
The lindwurm barely misses you. The yak completely misses you.
You shoot a bolt. The bolt hits Rupert.
Rupert is moderately wounded.
Rupert barely misses you. Rupert completely misses you.
The lindwurm bites you but does no damage.
The lindwurm barely misses you. The lindwurm claws you.
The yak closely misses you.
Rupert hits you with a +0 great mace of venom!
The lindwurm bites you but does no damage.
The lindwurm barely misses you. x2; The yak misses you.
You shoot a bolt. The bolt hits Rupert!
Rupert is moderately wounded.
Rupert completely misses you.
Rupert hits you with a +0 great mace of venom!!
The lindwurm completely misses you. The lindwurm misses you.
The lindwurm closely misses you. The yak gores you!
12198 ||| READING 2 scrolls of teleportation.
As you read the scroll of teleportation, it crumbles to dust.
You feel strangely unstable.
You feel yourself speed up. Rupert misses you.
The lindwurm completely misses you. x2
The lindwurm claws you but does no damage.
The yak closely misses you.
Being near the torpor snail leaves you feeling lethargic.
Rupert hits you with a +0 great mace of venom!
You die...

...# ...## #........ #..#
#.F.# ......... #..##
###...### ##........ ....#
#.....##.####.........
#..#######...##.#..##........
...%.........................
...%.<%.%........w...........
.#..##.##.##..###@..#####P.#.
....####### ####@k.## #..
##..# #.Y..# . #...###
#####..## #...#.####
##.###...#
#....#.#.###.#.#...##
...................#
.........))........##
.......####.####....########
......##P.7.7P~##...........


You could see Rupert (berserk), a torpor snail, a lindwurm and a yak.

Vanquished Creatures
  2 hydras (Lair:2)
  9 death yaks
  A lindwurm (Lair:2)
  Pikel (D:6)
  3 elephants (Lair:3)
  10 black mambas
  4 cane toads
  A rime drake (Lair:1)
  3 komodo dragons
  2 polar bears (Lair:1)
  4 hornets
  A troll (D:9)
  Prince Ribbit (D:6)
  18 blink frogs
  A basilisk (Lair:2)
  A wyvern (Lair:1)
  30 yaks
  3 nagas (Lair:3)
  6 water moccasins
  Duvessa (D:6)
  2 orc warriors
  An ice beast (D:5)
  7 black bears
  3 sky beasts
  9 wolves (Lair:2)
  3 ogres
  2 kobold brigands (D:4)
  8 bullfrogs
  4 scorpions
  10 wights
  7 killer bees
  Dowan (D:6)
  5 howler monkeys
  A crimson imp (D:9)
  2 quasits
  2 jellies
  2 hounds
  5 orc priests
  A sleepcap (D:5)
  A gnoll bouda (D:5)
  An iguana (D:5)
  An orc wizard (D:6)
  Natasha (thrice) (D:2)
  15 gnolls
  4 adders
  A shadow imp (D:5)
  2 white imps (D:8)
  4 ufetubi
  2 worms (D:3)
  27 orcs
  5 ball pythons
  5 endoplasms
  3 giant cockroaches
  11 goblins
  15 hobgoblins
  A quokka (D:3)
  6 bats
  3 frilled lizards
  43 kobolds
  2 rats
332 creatures vanquished.

Vanquished Creatures (others)
  A sky beast (D:4)
1 creature vanquished.

Grand Total: 333 creatures vanquished

Notes
Turn   | Place    | Note
-------+----------+-------------------------------------------
     0 | D:1      | qw the Gargoyle Hunter began the quest for the Orb.
     0 | D:1      | Reached XP level 1. HP: 12/12 MP: 1/1
     0 | D:1      | 0 ||| qw: Version: 0.2-a-29-g1fa15c8
     0 | D:1      | 0 ||| qw: Game counter: 4950
     0 | D:1      | 0 ||| qw: Always use a shield: true
     0 | D:1      | 0 ||| qw: God list: Okawaru
     0 | D:1      | 0 ||| qw: Allow faded altars: false
     0 | D:1      | 0 ||| qw: Do Orc after D:15 true
     0 | D:1      | 0 ||| qw: Do second Lair branch before Depths: true
     0 | D:1      | 0 ||| qw: Lair rune preference: random
     0 | D:1      | 0 ||| qw: Plans: Normal, Zot:1-4, Slime:5, God:TSO, Crypt,
                  | Tomb, Abyss, Pan, Hells, Win
     0 | D:1      | 0 ||| PLANNING D:1-11
   239 | D:1      | Reached XP level 2. HP: 17/17 MP: 2/2
   324 | D:1      | 324 ||| FLEEEEING.
   501 | D:1      | 501 ||| UPGRADING to +0 ring mail.
   511 | D:1      | 511 ||| DROPPING +0 leather armour.
   512 | D:1      | 512 ||| UPGRADING to +0 helmet.
   517 | D:1      | 517 ||| READING scroll labelled TEGGOF DO NE DOQ.
   518 | D:1      | 518 ||| READING 2 scrolls labelled XEONAC UFO.
   521 | D:1      | 521 ||| READING 2 scrolls labelled FUJIEV SYPN.
   522 | D:1      | 522 ||| DROPPING scroll of butterflies.
   743 | D:2      | Reached skill level 1 in Armour
   827 | D:2      | Noticed Natasha
   838 | D:2      | Killed Natasha
   839 | D:2      | Reached skill level 5 in Ranged Weapons
   839 | D:2      | Reached XP level 3. HP: 9/21 MP: 3/3
  1028 | D:2      | 1028 ||| UPGRADING to +2 heavy sling.
  1091 | D:2      | Noticed Natasha
  1097 | D:2      | Killed Natasha
  1098 | D:2      | Reached skill level 3 in Fighting
  1098 | D:2      | Reached XP level 4. HP: 20/28 MP: 4/4
  1220 | D:2      | Noticed Natasha
  1228 | D:2      | HP: 7/28 [cerulean imp/+0 spear[Natasha] (5)]
  1229 | D:2      | 1229 ||| READING scroll of teleportation.
  1230 | D:2      | Killed Natasha
  1483 | D:2      | 1483 ||| UPGRADING to +1 pair of gloves.
  1488 | D:2      | 1488 ||| READING scroll labelled KIBUIRAMOU.
  1489 | D:2      | 1489 ||| READING scroll labelled AWAGAE ITUMIFO.
  1621 | D:3      | Reached XP level 5. HP: 32/32 MP: 5/5
  2216 | D:3      | 2216 ||| DRINKING 2 red potions.
  2217 | D:3      | 2217 ||| READING 3 scrolls of identify.
  2217 | D:3      | 2217 ||| IDENTIFYING metallic orange potion
  2218 | D:3      | 2218 ||| READING 2 scrolls of identify.
  2218 | D:3      | 2218 ||| IDENTIFYING viscous coppery potion
  2219 | D:3      | 2219 ||| DROPPING potion of enlightenment.
  2350 | D:4      | Noticed an ogre
  2354 | D:4      | Killed an ogre
  2355 | D:4      | Reached skill level 6 in Ranged Weapons
  2355 | D:4      | Reached XP level 6. HP: 37/37 MP: 6/6
  2465 | D:4      | Found a white marble altar of Elyvilon.
  2500 | D:4      | Found Hamp's Jewellery Boutique.
  2508 | D:4      | 2508 ||| SHOPLISTING +4 ring of protection (504 gold, have
                  | 236).
  2508 | D:4      | 2508 ||| SHOPLISTING +6 ring of dexterity (504 gold, have
                  | 236).
  2508 | D:4      | 2508 ||| SHOPLISTING amulet of regeneration (420 gold, have
                  | 236).
  2508 | D:4      | 2508 ||| SHOPLISTING amulet of the acrobat (420 gold, have
                  | 236).
  2508 | D:4      | 2508 ||| SHOPLISTING ring "Ziut" {MP+9 Dex+7} (583 gold,
                  | have 236).
  2721 | D:4      | Found an ornate altar of the Wu Jian Council.
  2799 | D:4      | Noticed a sky beast
  2804 | D:4      | Killed a sky beast
  2946 | D:4      | HP: 7/39 [gnoll/+0 spear (5)]
  2947 | D:4      | 2947 ||| READING scroll of teleportation.
  2948 | D:4      | HP: 3/39 [gnoll/+0 spear (2)]
  3124 | D:4      | Reached skill level 7 in Ranged Weapons
  3160 | D:4      | Reached XP level 7. HP: 44/44 MP: 7/7
  3618 | D:4      | 3618 ||| UPGRADING to amulet of the acrobat.
  3626 | D:4      | 3626 ||| DROPPING amulet of guardian spirit.
  3627 | D:4      | 3627 ||| UPGRADING to +6 ring of strength.
  3639 | D:4      | 3639 ||| READING 2 scrolls labelled JALEGIT OTYA.
  3645 | D:4      | 3645 ||| READING 3 scrolls of identify.
  3645 | D:4      | 3645 ||| IDENTIFYING inky potion
  3646 | D:4      | 3646 ||| READING 2 scrolls of identify.
  3646 | D:4      | 3646 ||| IDENTIFYING fuming pink potion
  3647 | D:4      | 3647 ||| DROPPING potion of invisibility.
  3648 | D:4      | 3648 ||| DROPPING scroll of vulnerability.
  3660 | D:5      | Entered Level 5 of the Dungeon
  3667 | D:5      | 3667 ||| STAIRDANCE
  3676 | D:4      | HP: 11/44 [ufetubus (3)]
  3838 | D:5      | Reached skill level 8 in Ranged Weapons
  3853 | D:5      | 3853 ||| FLEEEEING.
  3858 | D:5      | HP: 11/44 [gnoll/+0 club[a gnoll bouda] (5)]
  3863 | D:5      | HP: 7/44 [gnoll/+0 club[a gnoll bouda] (2)]
  4126 | D:5      | Reached XP level 8. HP: 44/49 MP: 8/8
  4373 | D:5      | Found a shimmering blue altar of Sif Muna.
  4380 | D:5      | Reached skill level 9 in Ranged Weapons
  4416 | D:5      | Found a radiant altar of Vehumet.
  4687 | D:5      | Found a snail-covered altar of Cheibriados.
  4732 | D:5      | 4732 ||| READING scroll labelled NINIRI LOSOS.
  4733 | D:5      | 4733 ||| READING scroll labelled XUATZEORUI.
  4734 | D:5      | 4734 ||| DRINKING 2 golden potions.
  4754 | D:6      | 4754 ||| Stepping ~*~*~tactically~*~*~ (outnumbered).
  4756 | D:6      | 4756 ||| Stepping ~*~*~tactically~*~*~ (outnumbered).
  4762 | D:6      | Reached skill level 6 in Fighting
  4828 | D:6      | Noticed Pikel
  4829 | D:6      | 4829 ||| FLEEEEING.
  4832 | D:6      | 4832 ||| FLEEEEING.
  4833 | D:6      | 4833 ||| FLEEEEING.
  4907 | D:6      | 4907 ||| DRINKING potion of curing.
  4907 | D:6      | 4907 ||| (to cure confusion)
  4922 | D:6      | Killed Pikel
  4923 | D:6      | Reached skill level 10 in Ranged Weapons
  4923 | D:6      | Reached XP level 9. HP: 30/55 MP: 9/9
  5014 | D:6      | 5014 ||| READING scroll of enchant weapon.
  5014 | D:6      | 5014 ||| ENCHANTING +2 heavy sling.
  5047 | D:6      | Reached skill level 3 in Armour
  5184 | D:6      | Found a staircase to the Ecumenical Temple.
  5185 | D:6      | 5185 ||| PLANNING TEMPLE
  5185 | D:6      | 5185 ||| READING scroll labelled KOS HEAWAY.
  5186 | D:6      | Noticed Duvessa
  5186 | D:6      | Noticed Dowan
  5202 | D:6      | Killed Duvessa
  5203 | D:6      | Reached skill level 3 in Dodging
  5209 | D:6      | Killed Dowan
  5331 | Temple   | Entered the Ecumenical Temple
  5333 | Temple   | 5333 ||| PLANNING OKAWARU WORSHIP
  5344 | Temple   | 5344 ||| UPGRADING to +4 ring mail of fire resistance.
  5354 | Temple   | 5354 ||| DROPPING +0 ring mail.
  5355 | Temple   | 5355 ||| DRINKING 2 white potions.
  5356 | Temple   | 5356 ||| DRINKING potion of curing.
  5356 | Temple   | 5356 ||| (to cure confusion)
  5357 | Temple   | 5357 ||| DROPPING potion of ambrosia.
  5370 | Temple   | Became a worshipper of Warmaster Okawaru
  5371 | Temple   | 5371 ||| PLANNING D:1-11
  5387 | D:6      | Noticed Prince Ribbit
  5393 | D:6      | Killed Prince Ribbit
  5577 | D:6      | Found a hazy altar of Hepliaklqana.
  5688 | D:6      | 5688 ||| UPGRADING to +0 cloak.
  5693 | D:6      | 5693 ||| READING 2 scrolls of identify.
  5693 | D:6      | 5693 ||| IDENTIFYING emerald potion
  5694 | D:6      | 5694 ||| DROPPING potion of brilliance.
  5732 | D:7      | Reached skill level 11 in Ranged Weapons
  5757 | D:7      | Found Wois Gae's Tiny Tomes.
  5964 | D:7      | Reached * piety under Okawaru
  5965 | D:7      | Noticed a hornet
  5973 | D:7      | 5973 ||| INVOKING Heroism.
  5974 | D:7      | Killed a hornet
  6077 | D:7      | 6077 ||| INVOKING Heroism.
  6081 | D:7      | Reached XP level 10. HP: 21/64 MP: 7/10
  6281 | D:7      | Reached skill level 1 in Invocations
  6288 | D:7      | 6288 ||| READING scroll of enchant weapon.
  6288 | D:7      | 6288 ||| ENCHANTING +3 heavy sling.
  6339 | D:7      | 6339 ||| READING scroll of enchant weapon.
  6339 | D:7      | 6339 ||| ENCHANTING +4 heavy sling.
  6514 | D:7      | 6514 ||| READING 2 scrolls of identify.
  6514 | D:7      | 6514 ||| IDENTIFYING smoky cyan potion
  6515 | D:7      | 6515 ||| DROPPING potion of degeneration.
  6556 | D:8      | 6556 ||| FLEEEEING.
  6573 | D:8      | 6573 ||| INVOKING Heroism.
  6581 | D:8      | Reached skill level 3 in Invocations
  6585 | D:8      | 6585 ||| INVOKING Heroism.
  6781 | D:8      | Found a broken altar of Ashenzari.
  6804 | D:8      | 6804 ||| INVOKING Heroism.
  6829 | D:8      | Found a glowing golden altar of the Shining One.
  6850 | D:8      | Found a glowing silver altar of Zin.
  6958 | D:8      | Found the +2 pair of slick slippers {slick, slippery, EV+4}
  7166 | D:8      | 7166 ||| UPGRADING to +2 pair of slick slippers {slick,
                  | slippery, EV+4}.
  7198 | D:9      | Found an opulent altar of Gozag.
  7198 | D:9      | Found an opulent altar of Gozag.
  7201 | D:9      | Found an opulent altar of Gozag.
  7213 | D:9      | Found an opulent altar of Gozag.
  7244 | D:9      | Reached skill level 12 in Ranged Weapons
  7256 | D:9      | Reached ** piety under Okawaru
  7295 | D:9      | Found a staircase to the Lair.
  7349 | D:9      | Reached skill level 13 in Ranged Weapons
  7436 | D:9      | Reached *** piety under Okawaru
  7444 | D:9      | Reached skill level 9 in Fighting
  7449 | D:9      | Reached XP level 11. HP: 71/71 MP: 14/14
  7504 | D:9      | 7504 ||| INVOKING Heroism.
  8067 | D:9      | 8067 ||| INVOKING Heroism.
  8090 | D:9      | 8090 ||| Stepping ~*~*~tactically~*~*~ (outnumbered).
  8095 | D:9      | 8095 ||| Stepping ~*~*~tactically~*~*~ (outnumbered).
  8099 | D:9      | 8099 ||| INVOKING Heroism.
  8245 | D:9      | Found a burning altar of Makhleb.
  8245 | D:9      | Found a shimmering altar of Xom.
  8390 | D:9      | 8390 ||| PLANNING LAIR
  8390 | D:9      | 8390 ||| DROPPING +6 ring of intelligence.
  8432 | Lair:1   | Entered Level 1 of the Lair of Beasts
  8446 | Lair:1   | 8446 ||| INVOKING Heroism.
  8603 | Lair:1   | 8603 ||| INVOKING Heroism.
  8633 | Lair:1   | 8633 ||| INVOKING Heroism.
  8644 | Lair:1   | Noticed a death yak
  8649 | Lair:1   | Noticed a death yak
  8649 | Lair:1   | Noticed a death yak
  8650 | Lair:1   | Noticed a death yak
  8651 | Lair:1   | Noticed a death yak
  8653 | Lair:1   | Killed a death yak
  8654 | Lair:1   | Reached skill level 14 in Ranged Weapons
  8658 | Lair:1   | 8658 ||| INVOKING Heroism.
  8662 | Lair:1   | Killed a death yak
  8671 | Lair:1   | 8671 ||| INVOKING Heroism.
  8673 | Lair:1   | HP: 12/71 [death yak (6)]
  8674 | Lair:1   | 8674 ||| READING 2 scrolls of teleportation.
  8675 | Lair:1   | 8675 ||| DRINKING 3 potions of heal wounds.
  8676 | Lair:1   | Killed a death yak
  8895 | Lair:1   | 8895 ||| INVOKING Heroism.
  8999 | Lair:1   | 8999 ||| INVOKING Heroism.
  9028 | Lair:1   | 9028 ||| INVOKING Heroism.
  9041 | Lair:1   | Reached skill level 6 in Armour
  9121 | Lair:1   | 9121 ||| INVOKING Heroism.
  9215 | Lair:1   | 9215 ||| INVOKING Heroism.
  9285 | Lair:1   | 9285 ||| INVOKING Heroism.
  9293 | Lair:1   | Killed a death yak
  9302 | Lair:1   | Killed a death yak
  9302 | Lair:1   | Reached **** piety under Okawaru
  9739 | Lair:1   | 9739 ||| READING 2 scrolls of identify.
  9739 | Lair:1   | 9739 ||| IDENTIFYING sedimented red potion
  9810 | Lair:2   | 9810 ||| INVOKING Heroism.
  9818 | Lair:2   | Reached XP level 12. HP: 79/79 MP: 13/15
 10008 | Lair:2   | 10008 ||| INVOKING Heroism.
 10212 | Lair:2   | 10212 ||| INVOKING Heroism.
 10214 | Lair:2   | Noticed a six-headed hydra
 10218 | Lair:2   | Killed a six-headed hydra
 10219 | Lair:2   | Reached skill level 6 in Invocations
 10233 | Lair:2   | Reached ***** piety under Okawaru
 10362 | Lair:2   | Found a staircase to the Swamp.
 10363 | Lair:2   | 10363 ||| INVOKING Heroism.
 10376 | Lair:2   | Reached skill level 12 in Fighting
 10464 | Lair:2   | 10464 ||| INVOKING Heroism.
 10532 | Lair:2   | 10532 ||| DROPPING +0 shortbow.
 10533 | Lair:2   | 10533 ||| UPGRADING to +0 arbalest.
 10534 | Lair:2   | 10534 ||| DROPPING +5 heavy sling.
 10548 | Lair:2   | Noticed a death yak
 10549 | Lair:2   | 10549 ||| UPGRADING to amulet of faith.
 10559 | Lair:2   | 10559 ||| INVOKING Heroism.
 10560 | Lair:2   | 10560 ||| INVOKING Finesse.
 10568 | Lair:2   | Killed a death yak
 10738 | Lair:2   | 10738 ||| INVOKING Heroism.
 10777 | Lair:2   | 10777 ||| INVOKING Heroism.
 10809 | Lair:2   | 10809 ||| INVOKING Heroism.
 10989 | Lair:2   | 10989 ||| INVOKING Heroism.
 11000 | Lair:2   | Reached skill level 9 in Invocations
 11050 | Lair:2   | Noticed a six-headed hydra
 11051 | Lair:2   | 11051 ||| INVOKING Heroism.
 11056 | Lair:2   | Killed a six-headed hydra
 11057 | Lair:2   | Reached XP level 13. HP: 86/86 MP: 17/19
 11179 | Lair:2   | 11179 ||| READING scroll of enchant weapon.
 11179 | Lair:2   | 11179 ||| ENCHANTING +0 arbalest.
 11310 | Lair:2   | Identified the +8 crystal plate armour of the Depths {Harm
                  | Drain Str+5} (Okawaru gifted it to you on level 2 of the
                  | Lair of Beasts)
 11310 | Lair:2   | Received a gift from Okawaru
 11313 | Lair:2   | 11313 ||| INVOKING Heroism.
 11479 | Lair:2   | 11479 ||| DROPPING amulet of magic regeneration.
 11480 | Lair:2   | 11480 ||| DRINKING 2 silvery potions.
 11481 | Lair:2   | 11481 ||| READING 2 scrolls of identify.
 11481 | Lair:2   | 11481 ||| IDENTIFYING pink potion
 11518 | Lair:3   | Reached skill level 15 in Ranged Weapons
 11521 | Lair:3   | 11521 ||| INVOKING Heroism.
 11570 | Lair:3   | 11570 ||| FLEEEEING.
 11571 | Lair:3   | 11571 ||| FLEEEEING.
 11572 | Lair:3   | 11572 ||| FLEEEEING.
 11574 | Lair:3   | 11574 ||| FLEEEEING.
 11575 | Lair:3   | 11575 ||| FLEEEEING.
 11576 | Lair:3   | 11576 ||| STAIRDANCE
 11635 | Lair:3   | 11635 ||| INVOKING Heroism.
 11666 | Lair:3   | 11666 ||| STAIRDANCE
 11687 | Lair:2   | 11687 ||| FLEEEEING.
 11806 | Lair:3   | 11806 ||| INVOKING Heroism.
 11923 | Lair:3   | 11923 ||| INVOKING Heroism.
 11928 | Lair:3   | 11928 ||| INVOKING Finesse.
 12034 | Lair:3   | Found a staircase to the Snake Pit.
 12036 | Lair:3   | 12036 ||| Stepping ~*~*~tactically~*~*~ (outnumbered).
 12039 | Lair:3   | 12039 ||| Stepping ~*~*~tactically~*~*~ (outnumbered).
 12041 | Lair:3   | 12041 ||| Stepping ~*~*~tactically~*~*~ (outnumbered).
 12049 | Lair:3   | 12049 ||| INVOKING Heroism.
 12181 | Lair:3   | 12181 ||| INVOKING Heroism.
 12184 | Lair:3   | Noticed Rupert
 12197 | Lair:3   | HP: 14/86 [yak[a torpor snail] (8)]
 12198 | Lair:3   | 12198 ||| READING 2 scrolls of teleportation.
 12198 | Lair:3   | Slain by Rupert

Levels and vault maps discovered:
D:1:      roderic_octagonal_star, layout_rooms, minmay_tripent
D:2:      layout_loops_ring, hex_medium, nicolae_eternal_life, uniq_natasha
D:3:      minmay_angry_zag, layout_basic, dreamdust_princess_bridge,
          hangedman_decor_peaks_small, minmay_gold_behind_fungi,
          hangedman_glass_garden, minmay_misc_feat_five
D:4:      minmay_goblin_kobold_castle, layout_rooms, elyvilon_altar_5,
          general_overflow_altar, serial_aquarium, aquarium_bridge_island_large
          [aquarium_subvault_large_open, aquarium_subvault_bridge,
          aquarium_subvault_wall, aquarium_subvault_wall,
          aquarium_subvault_wall], aquarium_bridge_square
          [aquarium_subvault_balcony, aquarium_subvault_balcony,
          aquarium_subvault_bridge, aquarium_subvault_bridge],
          aquarium_window_1, aquarium_window_1, aquarium_window_fake,
          aquarium_window_corridor_1, aquarium_view_2e, serial_shops, shop
D:5:      layout_basic, overflow_temple_1_default, nicolae_overflow_squiral,
          serial_demonic, serial_demonic_f, serial_demonic_g, serial_demonic_b,
          serial_demonic_g
D:6:      layout_basic, nicolae_hepliaklqana_hazy_memory,
          minmay_temple_entry_stoned_glass, uniq_pikel, uniq_duvessa,
          uniq_prince_ribbit1
D:7:      layout_rooms, serial_rivers, chequers_serial_rivers_large_b,
          chequers_serial_rivers_room_a, chequers_serial_rivers_micro_b,
          chequers_serial_rivers_small_3, chequers_serial_rivers_room_a,
          minivault_14, nicolae_shop_i_like_small_books_too
D:8:      layout_rooms, mainiacjoe_overflow_chevrons,
          ashenzari_conservatory_becter, mainiacjoe_overflow_24_doors,
          kennysheep_pointless_box
D:9:      layout_basic, grunt_temple_overflow_champion_of_chaos,
          nicolae_gozag_conspicuous_consumption, lair_entry_dummy,
          kennysheep_generic_room_3
Temple:   hellmonk_temple_two_chambers
Lair:1:   layout_cave_pods
Lair:2:   cheibrodos_lair_overgrown_chateau, layout_regular_city, swamp_mist,
          minmay_shattered_shrine
Lair:3:   layout_small_grid, guppyfry_snake_entry_garden, uniq_fannar,
          uniq_kirke, uniq_rupert

Skill      XL: |  1  2  3  4  5  6  7  8  9 10 11 12 13 |
---------------+----------------------------------------+-----
Armour         | 1 2 4 6 |  6.8
Ranged Weapons | 5 6 7 8 10 11 13 14 15 | 15.8
Fighting       | 3 4 5 6 8 9 10 12 | 12.0
Dodging        | 2 3 5 |  5.1
Invocations    | 4 9 10 | 10.0
Stealth        | |  1.1

Action                     |  1- 3 |  4- 6 |  7- 9 | 10-12 | 13-15 || total
---------------------------+-------+-------+-------+-------+-------++-------
   Fire: Shortbow          |    77 |       |       |       |       ||    77
         Sling             |     6 |   149 |   313 |   469 |       ||   937
         Arbalest          |       |       |       |   106 |   187 ||   293
 Invoke: Heroism           |       |       |     2 |    28 |     7 ||    37
         Finesse           |       |       |       |     1 |     1 ||     2
    Use: Scroll            |     3 |     6 |     8 |     5 |     3 ||    25
         Potion            |       |     1 |     4 |     1 |     1 ||     7
 Armour: Leather armour    |     5 |       |       |       |       ||     5
         Ring mail         |    18 |    51 |   232 |   211 |    75 ||   587
  Dodge: Dodged            |    20 |    57 |   256 |   443 |   198 ||   974

Table legend:
 A = Non-vault XP
 B = Vault XP
 C = Vault XP percentage of total XP
 D = Non-vault monster count
 E = Vault monster count
 F = Vault count percentage of total count
                 A         B        C        D         E       F
            +---------+---------+-------+---------+---------+-------
      Total |   28571 |   13093 |  31.4 |     227 |     106 |  31.8
            +---------+---------+-------+---------+---------+-------
        D:1 |      17 |       3 |  15.0 |       9 |       2 |  18.2
        D:2 |      88 |      35 |  28.5 |      14 |       1 |   6.7
        D:3 |      41 |      18 |  30.5 |      20 |       4 |  16.7
        D:4 |     341 |     438 |  56.2 |      16 |      56 |  77.8
        D:5 |     803 |      57 |   6.6 |      23 |       2 |   8.0
        D:6 |     725 |    1117 |  60.6 |      13 |       4 |  23.5
        D:7 |    1449 |       0 |   0.0 |      18 |       0 |   0.0
        D:8 |     978 |       0 |   0.0 |      22 |       0 |   0.0
        D:9 |    4079 |     186 |   4.4 |      29 |       2 |   6.5
     Lair:1 |    7370 |       0 |   0.0 |      15 |       0 |   0.0
     Lair:2 |    5768 |   10753 |  65.1 |      30 |      32 |  51.6
     Lair:3 |    6912 |     486 |   6.6 |      18 |       3 |  14.3
            +---------+---------+-------+---------+---------+-------
